 Dungeon Crawl Stone Soup version 0.31.0-11-ge490571c62 (webtiles) character file.

Game seed: 7484839648607851989

81 qw the Shooter (level 4, -6/22 HPs)
             Began as a Spriggan Hunter on Feb 4, 2024.
             Mangled by Menkaure (14 damage)
             ... on level 3 of the Dungeon.
             The game lasted 00:00:05 (1632 turns).

qw the Shooter (Spriggan Hunter)                    Turns: 1632, Time: 00:00:06

Health: -6/22      AC:  2    Str:  7    XL:     4   Next: 19%
Magic:  5/5        EV: 19    Int: 10    God:
Gold:   243        SH:  0    Dex: 20    Spells: 3/3 levels left

rFire   . . .        a - +0 shortbow
rCold   . . .        (shield currently unavailable)
rNeg    . . .        c - +0 robe
rPois   .            (helmet restricted)
rElec   .            (no cloak)
rCorr   .            (gloves unavailable)
SInv    +            (boots unavailable)
Will    .....        b - amulet of faith
Stlth   ++           (no ring)
HPRegen 0.23/turn    (no ring)
MPRegen 0.09/turn

%: faith
@: very quick
A: very small, no large weapons, unfitting armour, see invisible, speed 3
a: no special abilities


You were on level 3 of the Dungeon.
You visited 1 branch of the dungeon, and saw 4 of its levels.

You collected 243 gold pieces.


Innate Abilities, Weirdness & Mutations

You are very small and have problems with some larger weapons.
You are too small for most types of armour.
You have supernaturally acute eyesight. (SInv)
You cover ground extremely quickly. (Speed+++)


   Skills:
 - Level 1.5 Fighting
 - Level 5.0 Ranged Weapons
 + Level 4.4 Dodging
 - Level 1.5 Stealth


You had 3 spell levels left.
You didn't know any spells.
Your spell library was empty.

Inventory:

Hand Weapons
 a - a +0 shortbow (weapon)
Armour
 c - a +0 robe (worn)
Jewellery
 b - an amulet of faith (around neck)
Scrolls
 i - 3 scrolls of teleportation
Potions
 g - a potion of might
 h - a potion of curing

Dungeon Overview and Level Annotations

Branches:
Dungeon (4/15)
 Temple: D:4-7

Altars:

Annotations:
D:3 Menkaure


Message History

Done exploring.
1597 ||| DROPPING scroll of blinking.
You drop a scroll of blinking.
Done exploring.
What level of the Dungeon? (default 3, ? - help)
There is a stone staircase leading down here.
You climb downwards.
Found a potion of curing.
Found a stone staircase leading up.
There is a stone staircase leading up here.
There are monsters nearby!
Waypoint 3 assigned to D:4.
You shoot an arrow. The arrow hits Menkaure.
Menkaure shouts!
Menkaure is moderately damaged.
You shoot an arrow. The arrow hits Menkaure.
Menkaure is moderately damaged.
1625 ||| STAIRDANCE Menkaure misses you.
You climb upwards.
There is a stone staircase leading down here.
You shoot an arrow.
The arrow hits Menkaure but does no damage.
Menkaure is moderately damaged.
Menkaure hits you!
You shoot an arrow. The arrow barely misses Menkaure.
Menkaure completely misses you.
You shoot an arrow. The arrow hits Menkaure!
Menkaure is severely damaged.
Menkaure misses you.
You shoot an arrow.
The arrow hits Menkaure but does no damage.
Menkaure is severely damaged.
Menkaure barely misses you.
You shoot an arrow. The arrow hits Menkaure.
Menkaure is severely damaged.
Menkaure calls on the powers of darkness!
Your body is wracked with pain!
You shoot an arrow. The arrow hits Menkaure.
Menkaure is severely damaged.
Menkaure hits you!
Ouch! That really hurt!
You die...

..###.##(#
#.........#.##.......
..# #.##.#
#.........#.#........
..# #<##.#
#......#..#..........
### #.##.#
#......#...).).......
# #.##.#
#......##..#.........
# #..#.#
###.#####............
# ##.#.## #..#
#####........ ####
#....## ##.#
##....... ...#
###...#####@#
#........
##.#####.#....##M#
#..).....
#.......####....#
#....(... #########
###### #...(....
#........ ##.......
##...... #######


You could see Menkaure.

Vanquished Creatures
  A hound (D:3)
  An adder (D:3)
  A dart slug (D:3)
  An orc (D:3)
  5 ball pythons (D:1)
  An endoplasm (D:2)
  A giant cockroach (D:2)
  4 goblins
  4 hobgoblins
  5 jackals
  A quokka (D:1)
  2 bats (D:1)
  3 kobolds
  6 rats
36 creatures vanquished.

Notes
Turn   | Place    | Note
-------+----------+-------------------------------------------
     0 | D:1      | qw the Spriggan Hunter began the quest for the Orb.
     0 | D:1      | Reached XP level 1. HP: 10/10 MP: 2/2
     0 | D:1      | 0 ||| qw: Version: 0.3-a-160-g6735b56
     0 | D:1      | 0 ||| qw: Game counter: 4790
     0 | D:1      | 0 ||| qw: Melee chars always use a shield: true
     0 | D:1      | 0 ||| qw: God list: Okawaru
     0 | D:1      | 0 ||| qw: Allow faded altars: false
     0 | D:1      | 0 ||| qw: Do Orc after clearing Dungeon:15 true
     0 | D:1      | 0 ||| qw: Do second Lair branch before Depths: true
     0 | D:1      | 0 ||| qw: Lair rune preference: random
     0 | D:1      | 0 ||| qw: Goals: Normal
     0 | D:1      | 0 ||| PLANNING D:1-11
    40 | D:1      | Reached skill level 3 in Dodging
   217 | D:1      | Reached XP level 2. HP: 14/14 MP: 3/3
   570 | D:1      | 570 ||| READING 6 scrolls labelled LOISIDW SOIMUCH.
   570 | D:1      | 570 ||| IDENTIFYING scroll labelled XECKEYPSOE
   571 | D:1      | 571 ||| DROPPING scroll of butterflies.
   572 | D:1      | 572 ||| DROPPING scroll of amnesia.
   904 | D:2      | Reached XP level 3. HP: 13/18 MP: 4/4
  1152 | D:2      | 1152 ||| UPGRADING to amulet of faith.
  1157 | D:2      | 1157 ||| READING 8 scrolls of identify.
  1157 | D:2      | 1157 ||| IDENTIFYING sapphire potion
  1158 | D:2      | 1158 ||| READING 7 scrolls of identify.
  1158 | D:2      | 1158 ||| IDENTIFYING clear potion
  1159 | D:2      | 1159 ||| READING 6 scrolls of identify.
  1159 | D:2      | 1159 ||| IDENTIFYING scroll labelled QABRAO QEGGEGRUE
  1160 | D:2      | 1160 ||| READING 5 scrolls of identify.
  1160 | D:2      | 1160 ||| IDENTIFYING scroll labelled ECHOTA RITHIURRA
  1161 | D:2      | 1161 ||| READING 4 scrolls of identify.
  1161 | D:2      | 1161 ||| IDENTIFYING scroll labelled XOT ULIDGHORGHU
  1162 | D:2      | 1162 ||| DROPPING scroll of noise.
  1163 | D:2      | 1163 ||| DROPPING scroll of revelation.
  1164 | D:2      | 1164 ||| DROPPING potion of brilliance.
  1232 | D:3      | Reached skill level 5 in Ranged Weapons
  1254 | D:3      | Reached XP level 4. HP: 22/22 MP: 5/5
  1591 | D:3      | 1591 ||| READING 4 scrolls of identify.
  1591 | D:3      | 1591 ||| IDENTIFYING fuming orange potion
  1592 | D:3      | 1592 ||| READING 3 scrolls of identify.
  1592 | D:3      | 1592 ||| IDENTIFYING fuming emerald potion
  1593 | D:3      | 1593 ||| READING 2 scrolls of identify.
  1593 | D:3      | 1593 ||| IDENTIFYING black potion
  1594 | D:3      | 1594 ||| READING scroll of identify.
  1594 | D:3      | 1594 ||| IDENTIFYING scroll labelled FOPSIT HOSTRIJ
  1595 | D:3      | 1595 ||| DROPPING potion of lignification.
  1596 | D:3      | 1596 ||| DROPPING potion of degeneration.
  1597 | D:3      | 1597 ||| DROPPING scroll of blinking.
  1622 | D:4      | Noticed Menkaure
  1625 | D:4      | 1625 ||| STAIRDANCE
  1632 | D:3      | Mangled by Menkaure

Levels and vault maps discovered:
D:1:      wander_arrival_abandoned_jail, layout_loops_cross
D:2:      wander_river, layout_rooms, serial_bayou, serial_bayou_lagoon_b,
          serial_bayou_pond_e, serial_bayou_shore_b, serial_bayou_lake_a
D:3:      layout_rooms
D:4:      layout_cave_pools, amcnicky_altar_gilded, uniq_menkaure

Skill      XL: |  1  2  3 |
---------------+----------+-----
Dodging        | 3 4 |  4.4
Ranged Weapons | 5 |  5.0
Fighting       | |  1.5
Stealth        | |  1.5

Action                     |  1- 3 |  4- 6 || total
---------------------------+-------+-------++-------
   Fire: Shortbow          |    93 |    22 ||   115
    Use: Scroll            |     6 |     4 ||    10
 Armour: Robe              |     4 |     3 ||     7
  Dodge: Dodged            |    37 |     5 ||    42

Table legend:
 A = Non-vault XP
 B = Vault XP
 C = Vault XP percentage of total XP
 D = Non-vault monster count
 E = Vault monster count
 F = Vault count percentage of total count
                 A         B        C        D         E       F
            +---------+---------+-------+---------+---------+-------
      Total |     116 |       0 |   0.0 |      36 |       0 |   0.0
            +---------+---------+-------+---------+---------+-------
        D:1 |      32 |       0 |   0.0 |      19 |       0 |   0.0
        D:2 |      13 |       0 |   0.0 |       7 |       0 |   0.0
        D:3 |      71 |       0 |   0.0 |      10 |       0 |   0.0
            +---------+---------+-------+---------+---------+-------
